 Dungeon Crawl Stone Soup version 0.31-a0-1363-g282adc6 (webtiles) character file.

Game seed: 17558218310599700149

37 blake the Chopper (level 3, -2/33 HPs)
             Began as a Hill Orc Berserker on Dec 23, 2023.
             Was a Follower of Trog.
             Slain by Sigmund
             ... wielding a +1 scythe of protection
              (7 damage)
             ... on level 2 of the Dungeon.
             The game lasted 00:02:27 (1255 turns).

blake the Chopper (Hill Orc Berserker)              Turns: 1255, Time: 00:02:27

Health: -2/33      AC:  2    Str: 21    XL:     3   Next: 41%
Magic:  3/3        EV: 12    Int:  7    God:    Trog [*.....]
Gold:   57         SH:  0    Dex: 10    Spells: 2/2 levels left

rFire   . . .        a - +0 hand axe
rCold   + . .        (no shield)
rNeg    . . .        b - +0 animal skin
rPois   .            (no helmet)
rElec   .            (no cloak)
rCorr   .            (no gloves)
SInv    .            (no boots)
Will    .....        (no amulet)
Stlth   +            j - ring of protection from cold
HPRegen 0.25/turn    (no ring)
MPRegen 0.08/turn

%: no passive effects
@: on berserk cooldown, slowed, very slow
A: no striking features
a: Renounce Religion, Berserk


You were on level 2 of the Dungeon.
You worshipped Trog.
Trog was aware of your devotion.
You visited 1 branch of the dungeon, and saw 2 of its levels.

You collected 57 gold pieces.

Inventory:

Hand Weapons
 a - a +0 hand axe (weapon)
Missiles
 i - 2 poisoned darts
Armour
 b - a +0 animal skin (worn)
Jewellery
 j - a ring of protection from cold (left hand)
Scrolls
 c - 2 scrolls of identify {unknown}
 h - a scroll of noise {unknown}
 k - a scroll of revelation {unknown}
 m - 2 scrolls of teleportation {unknown}
 n - a scroll of poison {unknown}
Potions
 d - a potion of resistance {unknown}
 e - a potion of degeneration {unknown}
 f - 4 potions of berserk rage
 g - a potion of mutation {unknown}
 l - 2 potions of heal wounds {unknown}


   Skills:
 + Level 4.3 Fighting
 + Level 4.6 Axes
 + Level 2.4 Armour
 + Level 1.8 Dodging
 + Level 0.3 Stealth


You had 2 spell levels left.
You didn't know any spells.
Your spell library was empty.

Dungeon Overview and Level Annotations

Branches:
Dungeon (2/15)

Altars:

Shops:
D:2 [

Annotations:
D:2 Sigmund


Message History

Sigmund shouts!
Sigmund points at you and mumbles some strange words.
You are confused.
You're too confused to move!
You bump into the rock wall.
You're too confused to move!
You bump into the rock wall.
Sigmund mumbles some strange words.
Sigmund flickers and vanishes!
Deactivating autopickup; reactivate with Ctrl-A.
You hear a shout!
You bump into the rock wall.
It was a potion of berserk rage.
A red film seems to cover your vision as you go berserk!
You feel yourself moving faster!
You feel mighty!
You feel less confused.
You feel a strong urge to attack something.
You hear some strange, mumbled words.
You are confused.
You miss something. Something hits you.
You bump into the rock wall.
You feel a strong urge to attack something.
Something hits you.
Okay, then.
You are too berserk!
You're too confused to move!
You're too confused to move!
You feel your anger nearly subside.
You are no longer berserk.
You are exhausted.
You feel yourself slow down. Something hits you.
You barely miss something.
You feel less confused.
You hear some strange, mumbled words.
A magic dart appears from out of thin air!
The magic dart hits you! Something hits you.
You completely miss something. Something hits you!
* * * LOW HITPOINT WARNING * * *
You hit something but do no damage. Something hits you!
You die...

..# #.# . #.# #.# .###
#.# #.# .... #.# #.#
..## #.# #.# ...## #.#
#.# ....# #{# #(#
..... ##@#####∩# ....#
##.....#..###### .....
####..###..........#
.....
#......#......8#8.#.#
##...
#..#.....#.<..#:#...#
# ##
.......#†......8#8..#.
.
....#...†.#........##
##
###......)........##
###.........####.#


There were no monsters in sight!

Vanquished Creatures
  2 adders (D:2)
  6 ball pythons
  A bat (D:1)
  A giant cockroach (D:1)
  A goblin (D:2)
  2 hobgoblins
  3 kobolds
  5 rats
21 creatures vanquished.

Notes
Turn   | Place    | Note
-------+----------+-------------------------------------------
     0 | D:1      | blake the Hill Orc Berserker began the quest for the Orb.
     0 | D:1      | Reached XP level 1. HP: 19/19 MP: 1/1
   208 | D:1      | Reached XP level 2. HP: 27/27 MP: 2/2
   315 | D:1      | Noticed a great orb of eyes
   317 | D:1      | Found a faded altar of an unknown god.
   318 | D:1      | Noticed a great orb of eyes
   318 | D:1      | Noticed an eye of devastation
   318 | D:1      | Noticed a glass eye
   894 | D:2      | Reached XP level 3. HP: 27/33 MP: 3/3
  1208 | D:2      | Found Ciudyi's Antique Armour Boutique.
  1238 | D:2      | Noticed Sigmund
  1255 | D:2      | Slain by Sigmund

Illustrated notes

Levels and vault maps discovered:
D:1:      dpeg_arrival_lava_temple_mockup, layout_loops_ring,
          hellmonk_ecumenical_altar_watching_god, minmay_pentomino_s2
D:2:      layout_loops_ring, serial_shops, shop, minmay_fountain_box,
          amcnicky_mini_rare_corridor_liquid, minmay_statues_item,
          minmay_misc_feat_five, uniq_sigmund

Skill      XL: |  1  2 |
---------------+-------+-----
Fighting       | 4 |  4.3
Axes           | |  4.6
Armour         | |  2.4
Dodging        | |  1.8
Stealth        | |  0.3

Action                     || total
---------------------------++-------
  Melee: Hand axe          ||    74
         Punch             ||     1
    Use: Potion            ||     1
   Stab: Sleeping          ||     1
 Armour: Animal skin       ||    50
  Dodge: Dodged            ||    45

Table legend: (Time is in decaauts)
 A = Elapsed time spent in this place.
 B = Non-inter-level travel time spent in this place.
 C = Inter-level travel time spent in this place.
 D = Time resting spent in this place.
 E = Time spent auto-exploring this place.
 F = Levels seen in this place.
 G = Mean time per level.
                   A        B        C        D        E       F      G
               +--------+--------+--------+--------+--------+-----+--------+
         Total |   1259 |   1244 |     15 |      0 |   1076 |   2 |  629.5 |
       Dungeon |   1259 |   1244 |     15 |      0 |   1076 |   2 |  629.5 |
               +--------+--------+--------+--------+--------+-----+--------+

Top non-repeatable levels by time:
     D:1: 781 daAuts
     D:2: 478 daAuts
